 Dungeon Crawl Stone Soup version 0.18.1-50-g88ac8fd (webtiles) character file.

1089 GrittyGramps the Protected (level 8, -5/70 HPs)
             Began as a Minotaur Fighter on Sept 21, 2016.
             Was an Initiate of Makhleb.
             Killed by nerve-wracking pain
             ... invoked by Grinder
              (12 damage)
             ... while paralysed by Grinder
             ... on level 5 of the Dungeon.
             The game lasted 00:32:11 (4782 turns).

GrittyGramps the Protected (Minotaur Fighter)       Turns: 4782, Time: 00:32:11

Health: -5/70      AC: 17    Str: 20 (22) XL:     8   Next: 9%
Magic:  7/7        EV:  2    Int:  4      God:    Makhleb [......]
Gold:   189        SH:  0    Dex: 12      Spells: 0 memorised, 7 levels left

rFire  + . .     SeeInvis .     w - +7 Sceptre of Torment
rCold  . . .     Gourm    .     q - +0 plate armour
rNeg   . . .     Faith    .     h - +0 buckler
rPois  .         Spirit   .     (helmet restricted)
rElec  .         Dismiss  .     (no cloak)
rCorr  .         Reflect  .     f - +0 pair of gloves
SustAt .         Harm     .     (no boots)
MR     .....                    (no amulet)
Stlth  ..........               (no ring)
                                (no ring)

@: paralysed, not resistant to hostile enchantments, extremely unstealthy
A: retaliatory headbutt, horns 2, slimy green scales 1, thin skeletal structure
1, deterioration 2, dopey 1, fire resistance 1, wild magic 1
a: Renounce Religion


You were on level 5 of the Dungeon.
You worshipped Makhleb.
Makhleb was noncommittal.
You were full.

You visited 1 branch of the dungeon, and saw 5 of its levels.

You collected 189 gold pieces.

Inventory:

Hand Weapons
 a - a +1 flail
 s - a +1 vampiric whip
 w - the +7 Sceptre of Torment (weapon)
   (You found it on level 5 of the Dungeon)
Missiles
 r - 18 arrows
 t - 7 poisoned needles
 u - 57 bolts
Armour
 c - a +0 shield
 f - a +0 pair of gloves (worn)
 h - a +0 buckler (worn)
 q - a +0 plate armour (worn)
Scrolls
 b - 3 scrolls of enchant armour
 g - 2 scrolls of identify
 k - 2 scrolls of remove curse
 n - a scroll of enchant weapon
 o - a scroll of amnesia
 x - a scroll of immolation {unknown}
Potions
 d - 2 potions of might
 e - a potion of cancellation
 i - 2 potions of degeneration
 l - a potion of agility
 m - a potion of invisibility
 p - a potion of mutation
Books
 v - a book of Annihilations

   Spells                             Type                      Level
   a - Poison Arrow                   Conjuration/Poison           6
   b - Chain Lightning                Conjuration/Air              8
   c - Lehudib's Crystal Spear        Conjuration/Earth            8
   d - Glaciate                       Conjuration/Ice              9
   e - Fire Storm                     Conjuration/Fire             9


   Skills:
 + Level 5.8 Fighting
 + Level 5.8 Maces & Flails
 + Level 8.0 Armour
 + Level 2.1 Dodging
 + Level 0.1 Stealth
 + Level 5.8 Shields


You had 7 spell levels left.
You didn't know any spells.

Dungeon Overview and Level Annotations

Branches:
Dungeon (5/15)
 Temple: D:4-7

Altars:
Dithmenos
Makhleb
Okawaru
Pakellas
Ru
Sif Muna
Vehumet
Yredelemnul
The Shining One

Annotations:
D:5 Grinder


Innate Abilities, Weirdness & Mutations

You reflexively headbutt those who attack you in melee.
You have a pair of horns on your head.
You are partially covered in slimy green scales (AC +2).
You have a somewhat thin skeletal structure (Dex +2, Stealth).
Your body often deteriorates upon taking damage.
You are dopey. (Int -2)
Your flesh is heat resistant.
Your spells are a little harder to cast, but a little more powerful.


Message History

You offer a prayer to Makhleb.
Makhleb is noncommittal.
You hit Grinder. Your headbutt misses Grinder.
Grinder is moderately wounded.
You block Grinder's attack.
You thump Grinder!
Your body is wracked with pain!
* * * LOW HITPOINT WARNING * * *
Grinder is heavily wounded.
Grinder blinks!
Grinder says, "At least Makhleb appreciates what I'm doing."
Grinder gestures at you. You resist with some effort.
Grinder blinks!
Grinder completely misses you. Grinder gestures at you.
You suddenly lose the ability to move!
Grinder blinks!
Grinder gestures at you. Pain shoots through your body!
You die...

#.####.####.#.......
#.####.# #...#.....
#......####..##.####
#.#####.>.....#.####
#####.# ##.#####...##..
#.....# #..# ##..##..
#...###.# ##.## #......
#. ##.###[5#######...#..
#...@§...........##..
#.....###.#######...##..
....##..###.# #..###..
..####.##.§.# ##.## #..
. #... #.### #..# ###
#....#.# #<## #.....5#
#.# # #..%..## ... #
#..$.# ..... ##


You could see Grinder.

Vanquished Creatures
  Prince Ribbit (D:5)
  Menkaure (D:4)
  A phantom (D:4)
  2 ogres (D:5)
  A scorpion (D:5)
  3 howler monkeys
  A crimson imp (D:4)
  A hound (D:4)
  2 orc wizards (D:5)
  A jelly (D:5)
  An iguana (D:5)
  A worker ant (D:4)
  A hound skeleton (D:5)
  4 adders
  A shadow imp (D:5)
  4 worms
  A dart slug (D:2)
  3 giant geckos
  8 orcs
  6 bats
  6 giant cockroaches
  5 goblins
  6 hobgoblins
  2 jackals (D:2)
  7 kobolds
  4 quokkas
  A giant gecko skeleton (D:4)
  3 giant newts
  2 goblin skeletons (D:4)
  A goblin zombie (D:4)
  3 hobgoblin zombies (D:4)
  A kobold skeleton (D:4)
  2 orc skeletons (D:4)
  6 rats
  A bush (D:1)
  5 fungi (D:1)
99 creatures vanquished.

Notes
Turn   | Place    | Note
--------------------------------------------------------------
     0 | D:1      | GrittyGramps the Minotaur Fighter began the quest for the Orb.
     0 | D:1      | Reached XP level 1. HP: 19/19 MP: 0/0
   475 | D:1      | Reached XP level 2. HP: 27/27 MP: 1/1
  1208 | D:2      | Reached skill level 4 in Armour
  1374 | D:2      | Reached XP level 3. HP: 16/33 MP: 2/2
  1927 | D:3      | Found an iron altar of Okawaru.
  2320 | D:3      | Reached XP level 4. HP: 37/40 MP: 3/3
  2627 | D:3      | Found a deep blue altar of Sif Muna.
  2969 | D:4      | Reached skill level 1 in Dodging
  3007 | D:4      | Noticed a phantom
  3088 | D:4      | Killed a phantom
  3088 | D:4      | Reached skill level 5 in Armour
  3088 | D:4      | Reached XP level 5. HP: 23/47 MP: 4/4
  3127 | D:4      | Gained mutation: Your flesh is heat resistant. [potion of mutation]
  3127 | D:4      | Gained mutation: You are dopey. (Int -2) [potion of mutation]
  3127 | D:4      | Gained mutation: Your body sometimes deteriorates upon taking damage. [potion of mutation]
  3156 | D:4      | Reached XP level 6. HP: 34/55 MP: 5/5
  3157 | D:4      | Gained mutation: You are partially covered in slimy green scales (AC +2). [potion of mutation]
  3157 | D:4      | Gained mutation: Your spells are a little harder to cast, but a little more powerful. [potion of mutation]
  3157 | D:4      | Gained mutation: Your body often deteriorates upon taking damage. [potion of mutation]
  3176 | D:4      | Noticed Menkaure
  3184 | D:4      | Killed Menkaure
  3184 | D:4      | Reached skill level 5 in Fighting
  3184 | D:4      | Reached skill level 6 in Armour
  3596 | D:4      | Found a glowing golden altar of the Shining One.
  4144 | D:4      | Reached skill level 5 in Shields
  4184 | D:5      | Entered Level 5 of the Dungeon
  4199 | D:5      | Found a burning altar of Makhleb.
  4199 | D:5      | Found a basalt altar of Yredelemnul.
  4215 | D:5      | Reached XP level 7. HP: 46/61 MP: 6/6
  4232 | D:5      | Reached skill level 5 in Maces & Flails
  4232 | D:5      | Reached skill level 7 in Armour
  4248 | D:5      | Found a sacrificial altar of Ru.
  4255 | D:5      | Found a shadowy altar of Dithmenos.
  4257 | D:5      | Found an oddly glowing altar of Pakellas.
  4356 | D:5      | Noticed Prince Ribbit
  4396 | D:5      | Gained mutation: You are frail (-10% HP). [potion of mutation]
  4396 | D:5      | Gained mutation: You have a somewhat thin skeletal structure (Dex +2, Stealth). [potion of mutation]
  4396 | D:5      | Lost mutation: You are frail (-10% HP). [potion of mutation]
  4397 | D:5      | Became a worshipper of Makhleb the Destroyer
  4539 | D:5      | Found a radiant altar of Vehumet.
  4647 | D:5      | Killed Prince Ribbit
  4647 | D:5      | Reached skill level 8 in Armour
  4647 | D:5      | Reached XP level 8. HP: 21/70 MP: 7/7
  4760 | D:5      | Noticed Grinder
  4764 | D:5      | HP: 1/70 [Grinder (3)]
  4779 | D:5      | Paralysed by Grinder for 6 turns
  4782 | D:5      | Killed from afar by Grinder

Skill      XL: |  1  2  3  4  5  6  7 |
---------------+----------------------+-----
Fighting       | 4 5 |  5.8
Armour         | 4 5 6 8 |  8.0
Shields        | 4 5 |  5.8
Maces & Flails | 3 4 5 |  5.8
Dodging        | 1 2 |  2.1
Stealth        | |  0.1

Action                   |  1- 3 |  4- 6 |  7- 9 || total
-------------------------+-------+-------+-------++-------
Melee: Flail             |   188 |   121 |    44 ||   353
       Headbutt          |    35 |    24 |    15 ||    74
       Staff             |       |       |     9 ||     9
  Use: Scroll            |     1 |     8 |       ||     9
       Potion            |     1 |     2 |     4 ||     7
  Eat: Bread ration      |     1 |     2 |       ||     3
       Meat ration       |       |     1 |       ||     1
       Pizza             |       |       |     1 ||     1
Armor: Scale mail        |    32 |       |       ||    32
       Plate armour      |    13 |   101 |    27 ||   141
Dodge: Dodged            |    43 |    52 |    19 ||   114
Block: Shield            |     3 |       |       ||     3
       Buckler           |    21 |    42 |     9 ||    72
